 Dungeon Crawl Stone Soup version 0.25.1-8-g42b30a86e7 (webtiles) character file.

Game seed: 9340520805558413529

309 Clowwww the Skirmisher (level 6, -3/48 HPs)
             Began as a Demonspawn Fighter on Dec 13, 2020.
             Slain by an iguana (10 damage)
             ... on level 5 of the Dungeon.
             The game lasted 00:07:42 (3311 turns).

Clowwww the Skirmisher (Demonspawn Fighter)         Turns: 3311, Time: 00:07:43

Health: -3/48      AC:  7    Str: 19    XL:     6   Next: 17%
Magic:  6/6        EV:  8    Int:  9    God:
Gold:   154        SH:  9    Dex: 12    Spells: 5/5 levels left

rFire    . . .     SeeInvis .   a - +0 war axe
rCold    . . .     Gourm    .   c - +0 kite shield
rNeg     . . .     Faith    .   b - +1 scale mail
rPois    .         Spirit   .   (helmet restricted)
rElec    .         Reflect  .   (no cloak)
rCorr    +         Harm     .   (no gloves)
MR       .....                  (no boots)
Stlth    ..........             (no amulet)
HPRegen  0.16/turn              q - ring of resist corrosion
MPRegen  0.10/turn              (no ring)

@: starving, lightly drained
A: antennae 2, demonic guardian 1, sturdy frame 1
a: no special abilities


You were on level 5 of the Dungeon.
You were starving.

You visited 1 branch of the dungeon, and saw 5 of its levels.

You collected 154 gold pieces.

Inventory:

Hand Weapons
 a - a +0 war axe (weapon)
 h - a +3 dire flail of freezing
Armour
 b - a +1 scale mail (worn)
 c - a +0 kite shield (worn)
Jewellery
 q - a ring of resist corrosion (left hand)
Wands
 p - a wand of digging (3)
Scrolls
 e - 2 scrolls of fear
 j - 4 scrolls of remove curse
Potions
 d - a potion of might
 g - a potion of haste
 i - a potion of resistance {unknown}
 l - a potion of ambrosia {unknown}
 n - a potion of curing
 o - a potion of stabbing {unknown}
 r - a potion of mutation {unknown}
Comestibles
 f - 5 rations


   Skills:
 + Level 4.1(4.0) Fighting
 + Level 4.0(3.9) Axes
 + Level 3.6(3.4) Armour
 + Level 0.6(0.4) Dodging
 + Level 0.1(0.0) Stealth
 + Level 3.4(3.3) Shields


You had 5 spell levels left.
You didn't know any spells.
Your spell library was empty.

Dungeon Overview and Level Annotations

Branches:
Dungeon (5/15)
 Temple: D:4-7

Altars:
Fedhas

Annotations:
D:5 2 transporters, raetorn's ghost, novice OpWz


Innate Abilities, Weirdness & Mutations

You have a pair of antennae on your head.
A weak demonic guardian rushes to your aid.
Your movements are slightly less encumbered by armour. (ER -2)


Message History

You kill the jackal!
You hit the iguana but do no damage.
Your iron imp disappears in a puff of smoke!
The iguana bites you but does no damage.
The jackal bites you.
* * * LOW HITPOINT WARNING * * *
Your shield and scale mail prevent you from hitting the jackal.
You hit the iguana but do no damage. The iguana barely misses you.
The jackal bites you.
* * * LOW HITPOINT WARNING * * *
Unknown command.
You hit the jackal but do no damage. You hit the iguana but do no damage.
The jackal closely misses you. The iguana bites you.
* * * LOW HITPOINT WARNING * * *
The jackal bites you but does no damage.
Your quasit bites the worker ant.
Your quasit barely misses the worker ant.
Your quasit claws the worker ant but does no damage.
The iguana bites you!
You die...

............ ......
........#..... ......
##.............. ....)
##.............#. ....##
#.......P.P.#.... .. ##...#
#......P.PPP.....
...#....###......PP_PP.....
........#l#...[..PPPPP.....
.......†ah@.......PPP......
........5###(.....##.......
...#.......................
. #...≈≈≈≈≈≈≈≈≈≈≈...≈≈≈≈≈≈
......≈≈≈≈≈≈≈≈≈≈≈...≈≈≈≈≈≈
..###.≈≈#####...........##
... #.≈≈#.8.#.###.©.###.#.
.. #.≈≈#...###g#####g###.
#..≈≈###..g....g.... .


You could see an iguana, a worker ant, a jackal and a friendly quasit
(summoned).

Vanquished Creatures
  2 wights (D:5)
  A hound (D:5)
  A hound skeleton (D:4)
  2 adders
  An ooze (D:2)
  A dart slug (D:1)
  A worm (D:2)
  2 leopard geckos
  A ball python (D:3)
  5 giant cockroaches
  4 goblins
  2 hobgoblins
  11 jackals
  7 kobolds
  2 quokkas (D:2)
  7 bats
  5 frilled lizards
  6 rats
61 creatures vanquished.

Vanquished Creatures (collateral kills)
  3 wights (D:5)
  A shadow imp (D:5)
  A jackal (D:5)
5 creatures vanquished.

Grand Total: 66 creatures vanquished

Notes
Turn   | Place    | Note
-------+----------+-------------------------------------------
     0 | D:1      | Clowwww the Demonspawn Fighter began the quest for the Orb.
     0 | D:1      | Reached XP level 1. HP: 18/18 MP: 1/1
   236 | D:1      | Gained mutation: You have a pair of small antennae on your
                  | head. [demonic ancestry]
   236 | D:1      | Reached XP level 2. HP: 24/24 MP: 2/2
  1005 | D:2      | Gained mutation: You have a pair of antennae on your head.
                  | [demonic ancestry]
  1005 | D:2      | Reached XP level 3. HP: 28/29 MP: 3/3
  2060 | D:3      | Gained mutation: A weak demonic guardian rushes to your
                  | aid. [demonic ancestry]
  2060 | D:3      | Reached XP level 4. HP: 34/35 MP: 4/4
  2835 | D:4      | Noticed a two-headed ogre
  2851 | D:5      | Entered Level 5 of the Dungeon
  2865 | D:5      | Gained mutation: Your movements are slightly less
                  | encumbered by armour. (ER -2) [demonic ancestry]
  2865 | D:5      | Reached XP level 5. HP: 21/42 MP: 5/5
  3237 | D:5      | Reached XP level 6. HP: 48/48 MP: 6/6
  3247 | D:5      | Found a blossoming altar of Fedhas.
  3266 | D:5      | Found a transporter.
  3267 | D:5      | Found a transporter.
  3272 | D:5      | Noticed raetorn's ghost (novice OpWz)
  3311 | D:5      | Slain by an iguana

Illustrated notes

Levels and vault maps discovered:
D:1:      dpeg_arrival_orchard, layout_basic
D:2:      layout_rooms, first_ration
D:3:      layout_loops_ring, roderic_serpentine_path
D:4:      minmay_skewed_foursquare, layout_rooms, old_standard_altar,
          nicolae_qazlal_general_emergency, chequers_serial_rivers_micro_a
D:5:      layout_cave_pools, nemelex_xobeh_ov_fountains_minmay, fedhas_altar_3,
          serial_glass, glass_columns_b, glass_columns_a,
          gammafunk_ghost_gnarly_gnolls, tgw_xom

Skill      XL: |  1  2  3  4  5  6 |
---------------+-------------------+-----
Axes           | 2 3 4 |  4.0
Shields        | 3 |  3.4
Armour         | 3 |  3.6
Fighting       | 4 |  4.1
Dodging        | |  0.6
Stealth        | |  0.1

Action                   |  1- 3 |  4- 6 || total
-------------------------+-------+-------++-------
Melee: War axe           |   140 |   105 ||   245
  Use: Scroll            |       |     7 ||     7
       Potion            |       |     1 ||     1
  Eat: Chunk             |     4 |     2 ||     6
Armor: Scale mail        |    62 |    65 ||   127
Dodge: Dodged            |    40 |    39 ||    79
Block: Kite shield       |    87 |    49 ||   136
